 Dungeon Crawl Stone Soup version 0.20-a0-539-g174d061 (webtiles) character file.

4365 M4edhros the Cleaver (level 10, -1/78 HPs)
             Began as an Octopode Artificer on Jan 29, 2017.
             Was a Priest of Qazlal.
             Slain by Erica
             ... wielding a +4 scimitar of flaming
              (2 damage)
             ... on level 8 of the Dungeon.
             The game lasted 00:15:38 (9731 turns).

M4edhros the Cleaver (Octopode Artificer)           Turns: 9731, Time: 00:15:39

Health: -1/78      AC:  1    Str: 11    XL:     10   Next: 34%
Magic:  9/9        EV: 19    Int: 13    God:    Qazlal [***...]
Gold:   105        SH:  9    Dex: 25    Spells: 9/9 levels left

rFire    + . .     SeeInvis .   H - +2 war axe (venom)
rCold    + . .     Gourm    .   i - +0 buckler
rNeg     . . .     Faith    .   (helmet restricted)
rPois    .         Spirit   .   p - amulet of rage
rElec    +         Reflect  .   J - ring of flight
rCorr    .         Harm     .   D - ring "Coeleisil" {*Corrode +Fly rF+ MR- Dex+8}
MR       .....                  (no ring)
Stlth    +++.......             (no ring)
Regen    0.3/turn               (no ring)
                                (no ring)
                                (no ring)
                                (no ring)

@: exhausted, slowed, very slow
A: almost no armour, stealthy swim, amphibious, 8 rings, constrict 8, camouflage
1, blurry vision 1, cold resistance 1, low mp 2, sense surroundings 2, robust 1,
electricity resistance, gelatinous body 1, subdued magic 1
a: Upheaval, Elemental Force, Renounce Religion, Evoke Berserk Rage, Evoke
Flight


You were on level 8 of the Dungeon.
You worshipped Qazlal.
Qazlal was most pleased with you.
You were not hungry.

You visited 1 branch of the dungeon, and saw 9 of its levels.
You also visited: Sewer.

You collected 528 gold pieces.
You spent 423 gold pieces at shops.

Inventory:

Hand Weapons
 a - a +0 short sword
 n - a -3 hand axe
 r - a +1 dagger of venom
 y - a +0 hand axe
 B - a -2 hand axe
 H - a +2 war axe of venom (weapon)
 I - a +0 war axe
Missiles
 q - 179 stones (quivered)
 A - 20 sling bullets
Armour
 i - a +0 buckler (worn)
Jewellery
 p - an amulet of rage (around mantle)
 D - the ring "Coeleisil" (right tentacle) {*Corrode +Fly rF+ MR- Dex+8}
   (You bought it in a shop on level 8 of the Dungeon)

   [ring of flight]

   It affects your dexterity (+8).
   It protects you from fire.
   It affects your resistance to hostile enchantments.
   It lets you fly.
   It may corrode you when you take damage.
 J - a ring of flight (left tentacle)
 K - an uncursed amulet of guardian spirit
Wands
 b - a wand of flame (4/48)
 c - a wand of enslavement (10/24)
 d - a wand of random effects (12/48)
 j - a wand of flame (21/48)
 o - a wand of flame (28/48)
Scrolls
 e - a scroll of identify
 l - 2 scrolls of recharging
 s - 2 scrolls of magic mapping
 w - 4 scrolls of teleportation
 x - 2 scrolls of blinking
 z - 2 scrolls of immolation
 C - a scroll of fog
 E - 3 scrolls of remove curse
 M - 2 scrolls of enchant weapon
Potions
 t - a potion of ambrosia
 G - 2 potions of experience {unknown}
Books
 u - Jessica's Almanac of Evil Rituals
   (You found it on level 3 of the Dungeon)

   Spells                             Type                      Level
   a - Sublimation of Blood           Necromancy                   2
Comestibles
 f - 5 bread rations
 g - 8 meat rations
 k - 8 royal jellies
 v - 10 fruits


   Skills:
 + Level 7.1 Fighting
 - Level 1.0 Short Blades
 * Level 9.7 Axes
 + Level 7.0 Dodging
 - Level 7.5 Stealth
 - Level 3.2 Evocations


You had 9 spell levels left.
You didn't know any spells.

Dungeon Overview and Level Annotations

Branches:
Dungeon (9/15)             Temple (0/1) D:5
   Lair: D:8-11         Orc: D:9-12

Altars:
Dithmenos
Makhleb
Nemelex Xobeh
Qazlal
Vehumet
Zin

Shops:
D:8 =

Annotations:
D:8 Erica


Innate Abilities, Weirdness & Mutations

You cannot wear most types of armour.
You are very stealthy in the water. (Stealth+)
You are amphibious.
You can wear up to eight rings at the same time.
You can use your tentacles to constrict eight enemies at once.
Your skin changes colour to match your surroundings (Stealth+).
Your rubbery body absorbs attacks. (AC +1, EV +1)
Scrolls take you a little longer to read.
Your flesh is cold resistant. (rC+)
Your magical capacity is very low. (-20% MP)
You passively map the area around you.
You are robust. (+10% HP)
You are resistant to electric shocks. (rElec)
Your spells are a little easier to cast, but a little less powerful.


Message History

You constrict Erica. You block Erica's attack.
Unknown command.
You slash Erica!
Erica looks as sick as possible!
Erica is heavily wounded.
You constrict Erica, but do no damage. Erica gestures at you while chanting.
The orb of energy hits you!
* * * LOW HITPOINT WARNING * * *
The orb of energy explodes!
Okay, then.
Evoke which item? (* to show all) (? for menu, Esc to quit)
Okay, then.
You hit Erica.
Erica looks as sick as possible!
Erica is severely wounded.
You are no longer corroded.
You constrict Erica.
Erica hits you with a scimitar of flaming!
* * * LOW HITPOINT WARNING * * *
Erica burns you.
You die...

###......#
#...###### ###.
##....##
#........### #.
##...#
#......>...## ##
##..##
#..######...####.
##..## #.∩#
##....... ##..##
#..### ####..####
##### ##..##
#....###...###
##...###
##..###).........##
#.###..##
##...@.########..#
#.# ##..####..@###
#..# # #.##
##..##....# ##.# ##
##.## ##......##
##.####. ##.##
#......# ###...#..#
##.###.....##
######........#
##.....####
##.....#####...#
##..### #...####
##..# #.## ##.##
#...


You could see Erica.

Vanquished Creatures
  A two-headed ogre (D:8)
  The ghost of Execuda the Archer, a novice CeHu of Okawaru (D:7)
  A wyvern (D:8)
  Sigmund (D:4)
  3 ice beasts (D:8)
  A sky beast (D:8)
  4 orc warriors
  3 phantoms
  2 necrophages (D:8)
  4 ogres
  The ghost of Execuda the Conjurer, an amateur DECj (D:3)
  A bullfrog (D:7)
  2 scorpions
  3 crimson imps
  A hound (D:7)
  A quasit (D:8)
  A jelly (D:7)
  4 orc priests
  A bullfrog skeleton (D:7)
  5 orc wizards
  Jessica (D:3)
  A centaur skeleton (D:5)
  2 iguanas
  6 worker ants
  A hound zombie (D:7)
  A hound skeleton (D:8)
  A worker ant zombie (D:5)
  4 gnolls (D:4)
  5 adders
  2 shadow imps
  An adder zombie (D:6)
  4 adder skeletons
  3 worms
  2 dart slugs
  5 leopard geckos
  36 orcs
  10 bats
  5 giant cockroaches
  5 goblins
  6 hobgoblins
  23 jackals
  2 quokkas
  8 ball pythons
  15 frilled lizards
  16 kobolds
  3 leopard gecko skeletons
  7 rats
  2 plants (Sewer)
218 creatures vanquished.

Vanquished Creatures (collateral kills)
  A worker ant (D:8)
  An orc wizard (D:5)
2 creatures vanquished.

Vanquished Creatures (others)
  A hippogriff (D:8)
  An orc priest (D:5)
2 creatures vanquished.

Grand Total: 222 creatures vanquished

Notes
Turn   | Place    | Note
-------+----------+-------------------------------------------
     0 | D:1      | M4edhros the Octopode Artificer began the quest for the Orb.
     0 | D:1      | Reached XP level 1. HP: 13/13 MP: 3/3
    61 | D:1      | Reached XP level 2. HP: 14/18 MP: 4/4
   676 | D:1      | Reached XP level 3. HP: 16/23 MP: 5/5
  1303 | D:2      | Reached skill level 5 in Stealth
  1333 | D:2      | Found a stormy altar of Qazlal.
  1336 | D:2      | Became a worshipper of Qazlal Stormbringer
  1763 | D:1      | Reached XP level 4. HP: 28/28 MP: 6/6
  2322 | D:3      | HP: 1/28 [worm (9)]
  2477 | D:3      | Noticed Execuda's ghost (amateur DECj)
  2504 | D:3      | Killed Execuda's ghost
  2504 | D:3      | Reached XP level 5. HP: 21/33 MP: 7/7
  2761 | D:3      | Noticed Jessica
  2774 | D:3      | Killed Jessica
  2945 | D:3      | Identified Jessica's Almanac of Evil Rituals
  3056 | D:3      | Reached skill level 1 in Axes
  3085 | D:4      | Noticed a phantom
  3089 | D:3      | Reached XP level 6. HP: 23/38 MP: 8/8
  3328 | D:3      | Killed a phantom
  3328 | D:3      | Reached skill level 2 in Axes
  3580 | D:4      | Noticed a phantom
  3588 | D:4      | Reached * piety under Qazlal
  3609 | D:4      | Killed a phantom
  3609 | D:4      | Reached skill level 3 in Axes
  3609 | D:4      | Reached XP level 7. HP: 26/45 MP: 9/9
  3923 | D:4      | Noticed Sigmund
  3935 | D:4      | Killed Sigmund
  4027 | D:4      | Found a sparkling altar of Nemelex Xobeh.
  4127 | D:5      | Entered Level 5 of the Dungeon
  4142 | D:5      | Reached skill level 4 in Axes
  4316 | D:5      | Gained mutation: Your spells are a little easier to cast, but a little less powerful. [potion of mutation]
  4316 | D:5      | Gained mutation: Your flesh is cold resistant. (rC+) [potion of mutation]
  4316 | D:5      | Gained mutation: You are resistant to electric shocks. (rElec) [potion of mutation]
  4580 | D:5      | Found a staircase to the Ecumenical Temple.
  4701 | D:5      | Found a radiant altar of Vehumet.
  4727 | D:5      | Reached XP level 8. HP: 54/54 MP: 10/10
  4773 | D:5      | Found a sparkling altar of Nemelex Xobeh.
  4849 | D:5      | Reached ** piety under Qazlal
  5135 | D:5      | Reached skill level 5 in Axes
  5468 | D:6      | Found a shadowy altar of Dithmenos.
  5584 | D:6      | Found a glowing drain.
  5590 | Sewer    | Entered a sewer
  6329 | D:6      | You fall through a shaft!
  6785 | D:7      | Reached skill level 6 in Axes
  6922 | D:7      | Noticed Execuda's ghost (novice CeHu)
  6971 | D:7      | Killed Execuda's ghost
  6971 | D:7      | Reached skill level 5 in Fighting
  6971 | D:7      | Reached skill level 7 in Axes
  6971 | D:7      | Reached skill level 5 in Dodging
  6971 | D:7      | Reached XP level 9. HP: 16/61 MP: 11/11
  7237 | D:7      | Found a burning altar of Makhleb.
  7241 | D:7      | Noticed a balrug
  7243 | D:7      | Found a glowing silver altar of Zin.
  7244 | D:7      | Noticed an angel
  7365 | D:7      | Reached *** piety under Qazlal
  7647 | D:8      | Reached skill level 8 in Axes
  7648 | D:8      | Found a burning altar of Makhleb.
  7846 | D:8      | Found Wurie's Jewellery Shop.
  7849 | D:8      | Bought the ring "Coeleisil" {*Corrode +Fly rF+ MR- Dex+8} for 423 gold pieces
  8336 | D:8      | HP: 3/62 [wyvern (11)]
  8654 | D:8      | Reached skill level 9 in Axes
  8654 | D:8      | Reached XP level 10. HP: 31/69 MP: 7/12
  9032 | D:8      | Noticed a two-headed ogre
  9043 | D:8      | Killed a two-headed ogre
  9359 | D:8      | Gained mutation: Your magical capacity is low. (-10% MP) [mutagenic meat]
  9360 | D:8      | Gained mutation: You passively map a small area around you. [mutagenic meat]
  9361 | D:8      | Gained mutation: You passively map the area around you. [mutagenic meat]
  9362 | D:8      | Gained mutation: You are robust. (+10% HP) [mutagenic meat]
  9363 | D:8      | Gained mutation: Your magical capacity is very low. (-20% MP) [mutagenic meat]
  9364 | D:8      | Gained mutation: Scrolls take you a little longer to read. [mutagenic meat]
  9470 | D:9      | Noticed Erica
  9731 | D:8      | HP: 1/78 [Erica/scimitar of flaming (7)]
  9731 | D:8      | Slain by Erica

Vault maps used:
D:1:      saegor_arrival_simple_d, st_stairs_4, minmay_distorted
D:2:      lemuel_doored_altar, minmay_lizard_pond
D:3:      first_bread, kennysheep_jessica_study
D:4:      corexii_corridor_pit, nemelex_diamond_rough_becter, uniq_sigmund
D:5:      nicolae_overflow_crystal_walls, lemuel_round_altar,
          minmay_temple_entry_hall
D:6:      cheibrodos_quashed, overflow_temple_1_default, portal_sewer_entry_c,
          bh_walls_and_bars
D:7:      grunt_temple_overflow_order_and_chaos_2, grunt_ogre_cave,
          lightli_minifort
D:8:      serial_shops, shop, makhleb_blood_cavern_becter
D:9:      old_standard_altar, evilmike_ruin_ashenzari, hiddenorc2_lemuel,
          serial_shops, nicolae_shop_statue_plus, shop, kennysheep_minor_cross,
          uniq_pikel, uniq_erica
Sewer:    sewer_co_scattered_pipes

Skill      XL: |  1  2  3  4  5  6  7  8  9 10 |
---------------+-------------------------------+-----
Stealth        | 2 4 5 7 |  7.5
Axes           | 1 3 4 7 9 |  9.7
Fighting       | 2 3 5 6 7 |  7.1
Dodging        | 3 5 6 7 |  7.0
Short Blades   | |  1.0
Evocations     | |  3.2

Action                   |  1- 3 |  4- 6 |  7- 9 | 10-12 || total
-------------------------+-------+-------+-------+-------++-------
Melee: Short sword       |    75 |       |       |       ||    75
       Tentacles         |    15 |    23 |    97 |    11 ||   146
       Constrict         |    27 |    28 |    84 |     7 ||   146
       Hand axe          |    26 |   116 |   215 |       ||   357
       War axe           |       |       |   141 |    48 ||   189
 Abil: Evoke Berserk Rag |       |     1 |     4 |     2 ||     7
Evoke: Wand              |     5 |    16 |    21 |       ||    42
  Use: Scroll            |     4 |     2 |    13 |       ||    19
       Potion            |       |     2 |    14 |       ||    16
 Stab: Sleeping          |     5 |    11 |       |       ||    16
       Paralysed         |       |     8 |       |       ||     8
       Invisible         |       |     5 |       |       ||     5
  Eat: Chunk             |     2 |     6 |    16 |    10 ||    34
       Bread ration      |       |       |     1 |     1 ||     2
Armor: Skin              |    17 |     4 |    36 |       ||    57
Dodge: Dodged            |    93 |    76 |   169 |    28 ||   366
Block: Buckler           |       |    14 |    95 |    13 ||   122
